 Dungeon Crawl Stone Soup version 0.24.1 (webtiles) character file.

Game seed: 2308445775209959253, levelgen mode: deterministic

503 Doot the Insei (level 6, -5/44 HPs)
             Began as a Demonspawn Transmuter on Mar 30, 2020.
             Was a Follower of Ashenzari.
             Killed by divine providence
             ... invoked by an orc priest
              (14 damage)
             ... on level 5 of the Dungeon.
             The game lasted 00:06:28 (3777 turns).

Doot the Insei (Demonspawn Transmuter)              Turns: 3777, Time: 00:06:29

Health: -5/44      AC:  4    Str: 12    XL:     6   Next: 96%
Magic:  11/11      EV: 13    Int: 15    God:    Ashenzari [*.....]
Gold:   96         SH:  0    Dex: 13    Spells: 4/12 levels left

rFire    . . .     SeeInvis .     - Unarmed
rCold    . . .     Gourm    .   (no shield)
rNeg     . . .     Faith    +   b - +0 robe
rPois    .         Spirit   .   f - +1 hat
rElec    .         Reflect  .   q - +0 cloak
rCorr    .         Harm     .   (no gloves)
MR       .....                  (boots currently unavailable)
Stlth    +.........             k - amulet of faith (curse)
HPRegen  0.14/turn              h - ring of attention (curse)
MPRegen  0.12/turn              (no ring)

@: appendage (expiring)
A: talons 3, demonic guardian 1, powered by death 2
a: End Transformation, Curse Item, Scrying, Renounce Religion


You were on level 5 of the Dungeon.
You worshipped Ashenzari.
Ashenzari was aware of your devotion.
You were hungry.
You had grown temporary talons.
You visited 1 branch of the dungeon, and saw 5 of its levels.

You collected 96 gold pieces.

Inventory:

Missiles
 a - 21 arrows
 i - 30 poisoned darts (quivered)
 E - a throwing net
Armour
 b - a +0 robe (worn)
 f - a +1 hat (worn)
 q - a +0 cloak (worn)
Magical Staves
 B - an uncursed staff of summoning
Jewellery
 h - a cursed ring of attention (left hand)
 k - a cursed amulet of faith (around neck)
 A - an uncursed ring of magical power
Wands
 C - a wand of random effects (13)
Scrolls
 c - a scroll of enchant weapon {unknown}
 g - 3 scrolls of identify {unknown}
 j - 3 scrolls of teleportation {unknown}
 m - 4 scrolls of random uselessness {unknown}
 n - a scroll of amnesia {unknown}
 o - a scroll of fear {unknown}
 p - a scroll of noise {unknown}
 v - 2 scrolls of immolation {unknown}
 y - a scroll of remove curse
 z - a scroll of blinking {unknown}
Potions
 e - 2 potions of heal wounds {unknown}
 l - 3 potions of curing {unknown}
 r - a potion of magic {unknown}
 s - a potion of flight {unknown}
 t - 3 potions of brilliance {unknown}
 u - 2 potions of degeneration {unknown}
 w - a potion of haste {unknown}
 x - a potion of berserk rage {unknown}
Comestibles
 d - 8 rations


   Skills:
 + Level 1.8 Fighting
 + Level 3.0 Dodging
 + Level 0.8 Stealth
 + Level 4.7 Unarmed Combat
 + Level 3.5 Spellcasting
 + Level 3.3 Transmutations
 + Level 0.2 Ice Magic
 + Level 1.0 Poison Magic


You had 4 spell levels left.
You knew the following spells:

 Your Spells              Type           Power        Failure   Level  Hunger
a - Beastly Appendage     Tmut           ##....       4%          1    None
b - Spider Form           Tmut/Pois      #.........   24%         3    ###....
c - Ice Form              Ice/Tmut       #.......     67%         4    ####...

Your spell library contained the following spells:

 Spells                   Type           Power        Failure   Level  Hunger
 Sticks to Snakes         Tmut           ##......     8%          2    ##.....
 Blade Hands              Tmut           ##........   80%         5    ######.


Dungeon Overview and Level Annotations

Branches:
Dungeon (5/15)
 Temple: D:4-7

Altars:
Ashenzari
Dithmenos
The Shining One

Shops:
D:4 (


Innate Abilities, Weirdness & Mutations

A weak demonic guardian rushes to your aid.
You regenerate health from kills.
You have claws for feet.


Message History

The orc priest calls down the wrath of Beogh upon you.
Beogh smites you!
The orc wizard hits you with a +0 dagger.
The orc wizard miscasts a cantrip.
The orc wizard hits your quasit but does no damage.
The orc priest calls down the wrath of Beogh upon you.
Beogh smites you!
* * * LOW HITPOINT WARNING * * *
The orc wizard misses your quasit. The orc wizard misses your quasit.
Your quasit bites the orc wizard but does no damage.
Your quasit claws the orc wizard but does no damage.
Your quasit barely misses the orc wizard.
The orc wizard barely misses your quasit.
Your quasit bites the orc wizard but does no damage.
Your quasit completely misses the orc wizard.
Your quasit claws the orc wizard.
The orc priest mumbles some strange prayers to Beogh against you.
Beogh smites you!
You die...

#.. #.. #.. ..## ..# ###
#.# ...##
#..####.###########......
..........@..5oooo).#
######.############# #.#
#.### #<..# ###.# .# #


You could see 2 orc priests, an orc wizard, an orc and a friendly quasit.

Vanquished Creatures
  A gnoll shaman (D:4)
  A bullfrog skeleton (D:4)
  2 orc wizards
  A worker ant (D:3)
  5 adders
  5 gnolls (D:4)
  2 oozes
  3 worms (D:3)
  3 dart slugs
  3 leopard geckos
  4 orcs
  A giant cockroach (D:1)
  10 hobgoblins
  8 jackals
  8 kobolds
  2 quokkas (D:2)
  A ball python (D:1)
  5 frilled lizards
  9 goblins
  6 rats
80 creatures vanquished.

Vanquished Creatures (collateral kills)
  2 phantoms
  An orc priest (D:3)
  2 orcs
  A quokka (D:4)
  A frilled lizard (D:3)
7 creatures vanquished.

Grand Total: 87 creatures vanquished

Notes
Turn   | Place    | Note
-------+----------+-------------------------------------------
     0 | D:1      | Doot the Demonspawn Transmuter began the quest for the Orb.
     0 | D:1      | Reached XP level 1. HP: 15/15 MP: 3/3
   318 | D:1      | Gained mutation: You regenerate a little health from kills.
                  | [demonic ancestry]
   318 | D:1      | Reached XP level 2. HP: 19/21 MP: 3/5
   325 | D:1      | Reached skill level 3 in Unarmed Combat
   542 | D:1      | Gained mutation: A weak demonic guardian rushes to your
                  | aid. [demonic ancestry]
   542 | D:1      | Reached XP level 3. HP: 22/26 MP: 6/6
  1003 | D:2      | Reached XP level 4. HP: 31/32 MP: 7/7
  1013 | D:2      | Learned a level 3 spell: Spider Form
  1453 | D:2      | Found a glowing golden altar of the Shining One.
  1499 | D:2      | Found a shattered altar of Ashenzari.
  1615 | D:2      | Became a worshipper of Ashenzari the Shackled
  1637 | D:3      | Reached skill level 4 in Unarmed Combat
  1720 | D:3      | Gained mutation: You regenerate health from kills. [demonic
                  | ancestry]
  1720 | D:3      | Reached XP level 5. HP: 36/37 MP: 7/9
  2480 | D:4      | Found a shadowy altar of Dithmenos.
  2539 | D:4      | Noticed a phantom
  2540 | D:4      | Found Ocso's Antique Weapon Shoppe.
  2591 | D:4      | Learned a level 4 spell: Ice Form
  2608 | D:4      | Killed a phantom
  2608 | D:4      | Reached XP level 6. HP: 8/43 MP: 2/10
  3189 | D:4      | Reached * piety under Ashenzari
  3695 | D:5      | Entered Level 5 of the Dungeon
  3770 | D:5      | Reached skill level 1 in Poison Magic
  3777 | D:5      | Killed from afar by an orc priest

Levels and vault maps discovered:
D:1:      tarquinn_simple_flora_water_f, layout_rooms
D:2:      layout_rooms, lemuel_doored_altar, ashenzari_altar_1
D:3:      layout_rooms, first_ration
D:4:      layout_loops_corners, serial_shops, nicolae_shop_stone,
          grunt_dithmenos_smoke
D:5:      layout_rooms

Skill      XL: |  1  2  3  4  5  6 |
---------------+-------------------+-----
Unarmed Combat | 3 4 |  4.7
Transmutations | 2 3 |  3.3
Dodging        | 2 3 |  3.0
Spellcasting   | 3 |  3.5
Poison Magic   | 1 |  1.0
Fighting       | |  1.8
Stealth        | |  0.8
Ice Magic      | |  0.2

Action                   |  1- 3 |  4- 6 || total
-------------------------+-------+-------++-------
Melee: Unarmed           |   119 |   193 ||   312
       Kick              |    16 |     5 ||    21
       Headbutt          |     3 |    16 ||    19
       Punch             |       |     3 ||     3
 Cast: Beastly Appendage |    17 |    22 ||    39
       Spider Form       |       |     5 ||     5
       Ice Form          |       |     1 ||     1
  Eat: Chunk             |     1 |    10 ||    11
Armor: Robe              |    22 |    28 ||    50
       Skin              |       |     1 ||     1
Dodge: Dodged            |    79 |    99 ||   178
